 Dungeon Crawl Stone Soup version 0.18-a0-1577-gf591c28 (webtiles) character file.

357 M4edhros the Chiller (level 6, -2/38 HPs)
             Began as an Octopode Wanderer on Mar 18, 2016.
             Slain by a worker ant (5 damage)
             ... on level 4 of the Dungeon.
             The game lasted 00:04:11 (3210 turns).

M4edhros the Chiller (Octopode Wanderer)            Turns: 3210, Time: 00:04:11

Health: -2/38      AC:  1    Str: 19      XL:     6   Next: 64%
Magic:  5/7        EV: 11    Int: 14 (15) God:
Gold:   189        SH:  0    Dex: 10      Spells: 1 memorised, 6 levels left

rFire  . . .     SeeInvis .     c - +0 shortbow
rCold  . . .     Gourm    .     (shield currently unavailable)
rNeg   . . .     Faith    .     (helmet restricted)
rPois  .         Spirit   .     (no amulet)
rElec  .         Dismiss  .     (no ring)
rCorr  .         Reflect  .     (no ring)
SustAt .         Harm     .     (no ring)
MR     .....                    (no ring)
Stlth  +++.......               (no ring)
                                (no ring)
                                (no ring)
                                (no ring)

@: mighty, lethally poisoned (-2 -> -14), not resistant to hostile enchantments,
fairly stealthy
A: almost no armour, amphibious, 8 rings, constrict 8, camouflage 1, gelatinous
body 1
a: no special abilities


You were on level 4 of the Dungeon.
You were very hungry.

You visited 1 branch of the dungeon, and saw 4 of its levels.

You collected 189 gold pieces.

Inventory:

Hand Weapons
 c - a +0 shortbow (weapon)
 s - a +0 blowgun
Missiles
 d - 18 arrows (quivered)
 t - 17 poisoned needles
Jewellery
 i - a cursed -2 ring of evasion {unknown}
Scrolls
 e - 2 scrolls of remove curse {unknown}
 g - 3 scrolls of fog {unknown}
 j - a scroll of fear {unknown}
 k - 3 scrolls of immolation {unknown}
 l - 2 scrolls of teleportation {unknown}
 m - 2 scrolls of enchant armour {unknown}
 n - 3 scrolls of identify {unknown}
 p - a scroll of magic mapping {unknown}
 q - a scroll of blinking {unknown}
Potions
 o - a potion of haste
 r - 2 potions of degeneration
 v - a potion of invisibility {unknown}
Books
 a - a book of Frost

   Spells                             Type                      Level
   a - Freeze                         Ice                          1
   b - Throw Frost                    Conjuration/Ice              2
   c - Ozocubu's Armour               Charms/Ice                   3
   d - Throw Icicle                   Conjuration/Ice              4
   e - Summon Ice Beast               Ice/Summoning                4
 b - the Compendium of Transmutation

   Spells                             Type                      Level
   a - Passwall                       Transmutation/Earth          2
   b - Sticks to Snakes               Transmutation                2
Comestibles
 f - 2 bread rations
 h - a meat ration
 u - a slice of pizza
 w - a fruit


   Skills:
 - Level 1.0 Fighting
 - Level 2.0 Bows
 - Level 1.3 Stealth
 - Level 1.0 Spellcasting
   Level 3.0 Fire Magic
 + Level 6.6 Ice Magic
   Level 1.1 Evocations


You had 6 spell levels left.
You knew the following spells:

 Your Spells              Type           Power        Failure   Level  Hunger
a - Freeze                Ice            ###.         1%          1    ##.....


Dungeon Overview and Level Annotations

Branches:
Dungeon (4/15)
 Temple: D:4-7

Altars:
Cheibriados
Kikubaaqudgha
Pakellas
Vehumet


Innate Abilities, Weirdness & Mutations

You cannot wear most types of armour.
You are amphibious.
You can wear up to eight rings at the same time.
You can use your tentacles to constrict eight enemies at once.
Your skin changes colour to match your surroundings (Stealth).
Your rubbery body absorbs attacks (AC +1).


Message History

Confirm with . or Enter, or press ? or * to list all spells.
Aiming: Freeze
Press: ? - help, Shift-Dir - straight line, f/p - worker ant
Aim: a worker ant (moderately wounded)
You freeze the worker ant.
The worker ant is moderately wounded.
The jackal barks!
You feel sick. The hound bites you.
* * * LOW HITPOINT WARNING * * *
The worker ant bites you.
* * * LOW HITPOINT WARNING * * *
You are more poisoned.
The worker ant poisons you! 2 jackals come into view.
Drink which item? (? for menu, Esc to quit)
It was a potion of might.
You feel very mighty all of a sudden.
* * * LOW HITPOINT WARNING * * *
You feel sick. The hound barely misses you. The worker ant bites you.
You die...

.... #.....
h...###....
..........##
.h.h.......#
h..........#
...........+
.......h...#
[......@..##+##.
###....a........
#.............
####..#.......
######..#.......
#.......#.......
#.......#.......
#.......#.......
#.......####..#.


You could see a hound, a worker ant and 4 jackals.

Vanquished Creatures
  Sigmund (D:2)
  An orc priest (D:3)
  2 worker ants
  4 adders (D:3)
  2 worms
  4 dart slugs
  2 giant geckos
  3 orcs (D:3)
  5 giant cockroaches
  6 hobgoblins
  8 jackals (D:3)
  11 kobolds
  A quokka (D:3)
  2 ball pythons
  12 bats
  A giant newt (D:1)
  5 goblins
  8 rats
78 creatures vanquished.

Notes
Turn   | Place    | Note
--------------------------------------------------------------
     0 | D:1      | M4edhros the Octopode Wanderer began the quest for the Orb.
     0 | D:1      | M4edhros set off with: a book of Frost, the Compendium of Transmutation, a +0 shortbow, 24 arrows, a bread ration
     0 | D:1      | Reached XP level 1. HP: 13/13 MP: 2/2
     0 | D:1      | Identified the Compendium of Transmutation
     2 | D:1      | Learned a level 1 spell: Freeze
   189 | D:1      | Reached skill level 2 in Ice Magic
   189 | D:1      | Reached XP level 2. HP: 18/18 MP: 3/3
   683 | D:1      | Reached XP level 3. HP: 23/23 MP: 4/4
   958 | D:1      | Reached skill level 3 in Ice Magic
  1082 | D:2      | Found a radiant altar of Vehumet.
  1160 | D:2      | Noticed Sigmund
  1175 | D:2      | Killed Sigmund
  1175 | D:2      | Reached skill level 5 in Ice Magic
  1175 | D:2      | Reached XP level 4. HP: 2/28 MP: 0/5
  1175 | D:2      | Reached XP level 5. HP: 2/33 MP: 0/6
  2050 | D:3      | Reached XP level 6. HP: 17/38 MP: 4/7
  2338 | D:3      | Reached skill level 6 in Ice Magic
  2709 | D:3      | Found an oddly glowing altar of Pakellas.
  2715 | D:3      | Found an ancient bone altar of Kikubaaqudgha.
  2767 | D:3      | Found a snail-covered altar of Cheibriados.
  3210 | D:4      | Slain by a worker ant

Vault maps used:
D:1:      lemuel_arrival_cross, st_stairs_12
D:2:      lemuel_statue_altar, uniq_sigmund
D:3:      nicolae_overflow_crystal_walls, grunt_temple_overflow_open,
          st_stairs_3, kennysheep_cross_bottleneck
D:4:      fiery_altar_vehumet, first_bread

Skill      XL: |  1  2  3  4  5  6 |
---------------+-------------------+-----
Ice Magic      | 2 5 6 |  6.6
Fighting       | |  1.0
Bows           | |  2.0
Stealth        | |  1.3
Spellcasting   | |  1.0
Fire Magic     | |  3.0
Evocations     | |  1.1

Action                   |  1- 3 |  4- 6 || total
-------------------------+-------+-------++-------
Melee: Unarmed           |     4 |       ||     4
 Fire: Shortbow          |    96 |   129 ||   225
 Cast: Freeze            |     4 |    30 ||    34
  Use: Potion            |     3 |     1 ||     4
  Eat: Chunk             |       |     6 ||     6
       Fruit             |       |     1 ||     1
